 Dungeon Crawl Stone Soup version 0.22.0-13-g43fe8f2 (webtiles) character file.

64810 mopl the Bludgeoner (level 15, -2/145 HPs)
             Began as a Gargoyle Fighter on Aug 16, 2018.
             Was a High Priest of Sif Muna.
             Killed from afar by a deep elf mage (28 damage)
             ... with a bolt of lightning
             ... on level 14 of the Dungeon.
             The game lasted 00:36:57 (18851 turns).

mopl the Bludgeoner (Gargoyle Fighter)             Turns: 18851, Time: 00:36:58

Health: -2/145     AC: 29    Str: 21    XL:     15   Next: 14%
Magic:  18/18      EV:  2    Int:  9    God:    Sif Muna [*****.]
Gold:   706        SH:  9    Dex: 14    Spells: 8/14 levels left

rFire    + . .     SeeInvis .   a - +1 eveningstar (drain)
rCold    . . .     Gourm    .   R - +0 shield
rNeg     + + +     Faith    .   (armour currently unavailable)
rPois    ∞         Spirit   .   (helmet currently unavailable)
rElec    .         Reflect  .   (cloak currently unavailable)
rCorr    .         Harm     .   (gloves currently unavailable)
MR       +....     NoTele   +   (boots currently unavailable)
Stlth    +.........             F - amulet of regeneration
HPRegen  0.74/turn              q - +2 ring of protection
MPRegen  0.16/turn              b - ring of protection from fire

@: tree-form (expiring), slowed, very slow
A: negative energy resistance 1, petrification resistance, rot immunity, AC +11
a: Divine Energy, Channel Magic, Forget Spell, Renounce Religion


You were on level 14 of the Dungeon.
You worshipped Sif Muna.
Sif Muna was extremely pleased with you.
You were hungry.
You were a tree.
You visited 2 branches of the dungeon, and saw 19 of its levels.
You also visited: Ice Cave and Volcano.

You collected 1241 gold pieces.
You spent 535 gold pieces at shops.

Inventory:

Hand Weapons
 a - a +1 eveningstar of draining (weapon)
 w - the +1 mace of the Blowfly {venom, MR+ MP+9}
   (You took it off an orc on level 3 of the Dungeon)

   It poisons the flesh of those it strikes.
   It affects your resistance to hostile enchantments.
   It affects your magic capacity (+9).
Missiles
 m - 26 tomahawks (quivered)
 S - 2 throwing nets
 T - 14 poisoned needles
Armour
 n - a +0 cloak (melded)
 r - a +0 pair of gloves (melded)
 P - a +2 plate armour of poison resistance (melded)
 R - a +0 shield (worn)
 W - a +0 helmet of intelligence (melded)
Jewellery
 b - a ring of protection from fire (right branch)
 q - a +2 ring of protection (left branch)
 F - an amulet of regeneration (around neck)
 J - a +5 amulet of reflection
Wands
 p - a wand of random effects (67)
 v - a wand of scattershot (8)
 y - a wand of polymorph (56)
 D - a wand of paralysis (31)
 G - a wand of iceblast (22)
 N - a wand of digging (46)
 Q - a wand of acid (18)
 Z - a wand of disintegration (11)
Scrolls
 c - a scroll of holy word {unknown}
 e - 5 scrolls of fear
 g - 12 scrolls of remove curse
 j - 4 scrolls of fog
 o - 13 scrolls of identify
 u - 4 scrolls of magic mapping
 z - a scroll of enchant armour {unknown}
 B - 5 scrolls of enchant weapon {unknown}
 E - 2 scrolls of random uselessness {unknown}
 I - a scroll of vulnerability {unknown}
 K - a scroll of acquirement {unknown}
 L - 10 scrolls of teleportation {unknown}
 M - 2 scrolls of blinking {unknown}
 O - 2 scrolls of noise {unknown}
 X - a scroll of silence {unknown}
Potions
 d - 3 potions of might
 h - a potion of invisibility
 k - 9 potions of curing
 l - 3 potions of lignification {!q}
 t - 3 potions of haste
 C - 4 potions of agility
 H - a potion of ambrosia
 V - 2 potions of resistance
 Y - a potion of berserk rage {!q}
Miscellaneous
 s - a fan of gales
 x - a lightning rod (4/4)
Comestibles
 f - 41 rations


   Skills:
 + Level 12.8 Fighting
 * Level 15.8 Maces & Flails
 + Level 12.9 Armour
 + Level 9.9 Dodging
 - Level 3.2 Shields
 + Level 4.9 Evocations


You had 8 spell levels left.
You knew the following spells:

 Your Spells              Type           Power        Failure   Level  Hunger
a - Apportation           Tloc           #.....       88%         1    ##.....
e - Blink                 Tloc           N/A          95%         2    ###....
r - Regeneration          Chrm/Necr      #.........   99%         3    ####...

Your spell library contained the following spells:

 Spells                   Type           Power        Failure   Level  Hunger
 Magic Dart               Conj           #...         88%         1    ##.....
 Conjure Flame            Conj/Fire      #.......     99%         3    ####...
 Slow                     Hex            #.......     95%         2    ###....
 Confuse                  Hex            #.......     99%         3    ####...
 Invisibility             Hex            #.......     100%        6    #######
 Throw Frost              Conj/Ice       #.....       95%         2    ###....
 Freezing Cloud           Conj/Ice/Air   #.........   100%        6    #######
 Mephitic Cloud           Conj/Pois/Air  #.......     99%         3    ####...
 Ring of Flames           Chrm/Fire      #.........   100%        7    #######
 Summon Small Mammal      Summ           #...         88%         1    ##.....
 Iskenderun's Mystic Bla  Conj           #.......     100%        4    #####..
 Animate Dead             Necr           N/A          100%        4    #####..
 Pain                     Necr           #...         88%         1    ##.....
 Animate Skeleton         Necr           N/A          88%         1    ##.....
 Vampiric Draining        Necr           #.........   99%         3    ####...
 Freeze                   Ice            #...         88%         1    ##.....
 Summon Ice Beast         Ice/Summ       #.......     100%        4    #####..
 Ozocubu's Armour         Chrm/Ice       #.......     99%         3    ####...
 Call Imp                 Summ           #.......     95%         2    ###....
 Tukima's Dance           Hex            #.......     99%         3    ####...
 Stone Arrow              Conj/Erth      #.....       99%         3    ####...
 Throw Icicle             Conj/Ice       #.......     100%        4    #####..
 Confusing Touch          Hex            #.....       88%         1    ##.....
 Passwall                 Tmut/Erth      #.......     95%         2    ###....
 Ensorcelled Hibernation  Hex/Ice        #.....       95%         2    ###....
 Metabolic Englaciation   Hex/Ice        #.........   100%        5    ######.
 Summon Butterflies       Summ           #.......     88%         1    ##.....
 Corona                   Hex            #......      88%         1    ##.....
 Alistair's Intoxication  Tmut/Pois      #.......     100%        5    ######.
 Lee's Rapid Deconstruct  Erth           #.........   100%        5    ######.
 Sandblast                Erth           #.....       88%         1    ##.....
 Petrify                  Tmut/Erth      #.......     100%        4    #####..
 Fulminant Prism          Conj/Hex       #.........   100%        4    #####..
 Dazzling Spray           Conj/Hex       #.....       99%         3    ####...
 Force Lance              Conj/Tloc      #.......     100%        4    #####..
 Searing Ray              Conj           #.....       95%         2    ###....
 Gell's Gravitas          Tloc           #.........   99%         3    ####...
 Yara's Violent Unravell  Hex/Tmut       #.........   100%        5    ######.
 Lesser Beckoning         Tloc           #.........   99%         3    ####...
 Poisonous Vapours        Pois/Air       #.....       95%         2    ###....


Dungeon Overview and Level Annotations

Branches:
Dungeon (12/15)            Temple (0/1) D:5            Lair (6/6) D:8
  Swamp (0/4) Lair:2        Snake (0/4) Lair:3        Slime (0/5) Lair:6
    Orc (0/2) D:9

Altars:
Cheibriados
Elyvilon
Gozag
Okawaru
Sif Muna
Uskayaw
Wu Jian
Yredelemnul
Zin
The Shining One
Beogh
Jiyva

Shops:
D:4 :   D:5 =   D:9 =![

Annotations:
D:6 3 runed doors, 2tc's ghost, novice DsMo


Innate Abilities, Weirdness & Mutations

You are resistant to torment.
((Your stone body is resilient. (AC +11)))
You are immune to poison.
((Your large and strong wings let you fly indefinitely.))
You resist negative energy. (rN+)
((You are resistant to electric shocks. (rElec)))
((You can survive without breathing.))
You are immune to petrification.
You are immune to rotting.


Message History

The centaur warrior skeleton is almost destroyed.
Your transformation is almost over.
You block the centaur warrior skeleton's attack.
The deep elf mage casts a spell at you. The bolt of lightning hits you!
* * * LOW HITPOINT WARNING * * *
The deep elf archer hits you but does no damage.
You feel better.
The centaur warrior skeleton barely misses you.
You block the centaur warrior skeleton's attack.
The deep elf mage hits you but does no damage.
The deep elf archer hits you but does no damage.
You bludgeon the centaur warrior skeleton!!
You destroy the centaur warrior skeleton!
Sif Muna accepts your kill.
The deep elf mage hits you but does no damage.
You block the deep elf archer's attack.
The deep elf mage points at you and mumbles some strange words.
Helpless, you fail to dodge the bolt of lightning.
You die...

#.#..#.##.
.........
..#####.#..#W###
(...............
.........W.....
#####.#o.#.###
#.#...e.o.o.o#
#.e##e#..#.##.
#.#♣#(#..#
#.e#o##..#
#=....#..#
#######..# ...
#..


You could see a deep elf archer, a deep elf mage and an orc.

Vanquished Creatures
  Kirke (Lair:4)
  Gastronok (Lair:3)
  A stone giant (Volcano)
  5 hydras
  A catoblepas (Lair:6)
  14 death yaks
  A deep troll shaman (Lair:6)
  3 two-headed ogres
  2 unseen horrors
  A necromancer (IceCv)
  A deep elf mage (D:14)
  2 cyclopes (D:11)
  2 manticores (D:12)
  11 elephants
  5 black mambas
  2 ugly things (D:11)
  3 ice statues (IceCv)
  A gargoyle (Volcano)
  11 spiny frogs
  A rime drake (Lair:2)
  An efreet (Volcano)
  2 komodo dragons (Lair:5)
  A queen bee (D:8)
  6 ice devils (IceCv)
  3 polar bears (Lair:6)
  A hornet (D:8)
  2 trolls
  2 bog bodies (Lair:2)
  Prince Ribbit (D:7)
  2 slime creatures (D:12)
  14 blink frogs
  12 hippogriffs
  A hog (Lair:4)
  31 yaks
  2 shadows
  Eustachio (D:5)
  A vampire (D:11)
  2 basilisks
  3 wyverns
  A wraith (D:11)
  A fire elemental (Volcano)
  A hungry ghost (D:8)
  4 vampire mosquitoes (D:12)
  3 swamp worms (Lair:2)
  Menkaure (D:5)
  12 water moccasins
  A floating eye (D:11)
  3 sky beasts
  5 porcupines
  5 black bears
  9 orc warriors
  3 ice beasts
  An eye of draining (D:11)
  2 phantoms (D:5)
  4 necrophages
  6 ogres
  20 wolves
  5 centaurs
  15 crocodiles
  2 big kobolds
  13 bullfrogs
  An elf zombie (D:9)
  A wyvern zombie (D:11)
  An earth elemental (Volcano)
  A wyvern skeleton (D:11)
  6 scorpions
  A water moccasin skeleton (D:6)
  31 killer bees
  2 wights (D:9)
  An electric eel (Lair:2)
  A howler monkey (D:11)
  8 crimson imps
  The ghost of biddum the Digger, a weakling GrEE (D:3)
  2 bullfrog zombies
  A quasit (D:11)
  10 hounds
  2 jellies (D:11)
  8 orc priests
  4 human zombies (D:9)
  3 centaur skeletons
  2 iguanas
  Ijyb (D:5)
  A human skeleton (D:9)
  A bullfrog skeleton (D:4)
  15 orc wizards
  15 hell rats
  6 troll simulacra (IceCv)
  8 worker ants
  Terence (D:2)
  2 centaur simulacra (IceCv)
  2 hound zombies
  2 mummies (D:9)
  A howler monkey zombie (D:10)
  A worker ant zombie (D:6)
  Robin (D:2)
  13 river rats (Lair:3)
  30 adders
  2 naga simulacra (IceCv)
  3 shadow imps
  An ooze (D:2)
  2 adder skeletons
  A worm (D:5)
  2 dart slugs
  3 leopard geckos
  48 orcs
  3 giant cockroaches
  13 goblins
  18 hobgoblins
  12 jackals
  13 quokkas
  11 bats
  6 frilled lizards
  8 kobolds
  An orc zombie (D:9)
  A quokka skeleton (D:6)
  19 rats
  2 plants (Lair:5)
630 creatures vanquished.

Vanquished Creatures (others)
  2 bushes
  10 fungi
  2 plants
14 creatures vanquished.

Grand Total: 644 creatures vanquished

Notes
Turn   | Place    | Note
-------+----------+-------------------------------------------
     0 | D:1      | mopl the Gargoyle Fighter began the quest for the Orb.
     0 | D:1      | Reached XP level 1. HP: 14/14 MP: 1/1
   216 | D:1      | Reached XP level 2. HP: 19/19 MP: 2/2
   949 | D:2      | Reached XP level 3. HP: 23/23 MP: 3/3
  1121 | D:2      | Noticed Terence
  1155 | D:2      | Killed Terence
  1155 | D:2      | Reached skill level 3 in Maces & Flails
  1155 | D:2      | Reached skill level 1 in Dodging
  1157 | D:2      | Reached XP level 4. HP: 24/29 MP: 4/4
  1307 | D:2      | Noticed Robin
  1674 | D:2      | Killed Robin
  1674 | D:2      | Reached skill level 4 in Armour
  1681 | D:2      | Reached skill level 4 in Fighting
  1686 | D:2      | Reached XP level 5. HP: 27/33 MP: 5/5
  2169 | D:3      | Found a glowing silver altar of Zin.
  2326 | D:3      | Found a runed gate.
  2329 | D:3      | Found a runed gate.
  2331 | D:3      | Noticed biddum's ghost (weakling GrEE)
  2332 | D:3      | Noticed a black bear
  2333 | D:3      | Found a runed gate.
  2335 | D:3      | Found a roughly hewn altar of Beogh.
  2350 | D:3      | Killed a black bear
  2350 | D:3      | Reached skill level 4 in Maces & Flails
  2350 | D:3      | Reached skill level 2 in Dodging
  2350 | D:3      | Reached XP level 6. HP: 30/39 MP: 6/6
  2440 | D:3      | Killed biddum's ghost
  2453 | D:3      | Got an encrusted mace {venom}
  2454 | D:3      | Identified the cursed +1 mace of the Blowfly {venom, MR+ MP+9} (You took it off an orc on level 3 of the Dungeon)
  2653 | D:3      | Found a faded altar of an unknown god.
  2655 | D:3      | Became a worshipper of Sif Muna the Loreminder
  2655 | D:3      | Reached * piety under Sif Muna
  2814 | D:4      | Learned a level 1 spell: Apportation
  2822 | D:4      | Found an opulent altar of Gozag.
  3074 | D:4      | Reached XP level 7. HP: 44/44 MP: 7/7
  3130 | D:4      | Found Moig's Book Emporium.
  3397 | D:4      | Found an iron altar of Okawaru.
  3921 | D:5      | Entered Level 5 of the Dungeon
  3923 | D:5      | Noticed Menkaure
  3928 | D:5      | Reached skill level 5 in Maces & Flails
  4049 | D:5      | Reached skill level 5 in Fighting
  4049 | D:5      | Reached skill level 5 in Armour
  4055 | D:5      | Killed Menkaure
  4246 | D:5      | Reached skill level 3 in Dodging
  4246 | D:5      | Reached XP level 8. HP: 36/50 MP: 8/8
  4272 | D:5      | Reached skill level 6 in Maces & Flails
  4342 | D:5      | Found Cuphuv's Jewellery Emporium.
  4363 | D:5      | Learned a level 2 spell: Blink
  4540 | D:5      | Noticed Eustachio
  4572 | D:5      | Killed Eustachio
  4596 | D:5      | Found a staircase to the Ecumenical Temple.
  4600 | D:5      | Reached skill level 6 in Fighting
  4600 | D:5      | Reached skill level 6 in Armour
  4670 | D:5      | Bought a cursed ring of teleportation for 49 gold pieces
  4688 | D:5      | Noticed Ijyb
  4695 | D:5      | Killed Ijyb
  4747 | D:5      | Found a snail-covered altar of Cheibriados.
  4802 | D:6      | Reached skill level 7 in Maces & Flails
  4881 | D:6      | Reached XP level 9. HP: 54/56 MP: 9/9
  4887 | D:6      | Reached skill level 4 in Dodging
  5087 | D:6      | Found a runed gate.
  5088 | D:6      | Found a runed gate.
  5267 | D:6      | Reached skill level 8 in Maces & Flails
  5342 | D:6      | Found a runed gate.
  5344 | D:6      | Noticed 2tc's ghost (novice DsMo)
  5782 | D:7      | Found a white marble altar of Elyvilon.
  5811 | D:7      | Found a hide-covered altar of Uskayaw.
  5869 | D:7      | Reached skill level 7 in Fighting
  5869 | D:7      | Reached skill level 7 in Armour
  5916 | D:7      | Noticed Prince Ribbit
  5937 | D:7      | Killed Prince Ribbit
  6363 | D:7      | Reached ** piety under Sif Muna
  6399 | D:7      | Reached skill level 9 in Maces & Flails
  6399 | D:7      | Reached XP level 10. HP: 27/63 MP: 10/10
  6404 | D:7      | Reached skill level 5 in Dodging
  6818 | D:8      | Found a staircase to the Lair.
  6819 | D:8      | Noticed a death yak
  6873 | D:8      | Killed a death yak
  6897 | D:8      | Reached skill level 8 in Fighting
  6897 | D:8      | Reached skill level 8 in Armour
  7120 | D:8      | Found an ornate altar of the Wu Jian Council.
  7345 | D:8      | Reached skill level 10 in Maces & Flails
  7693 | D:9      | Found Wimokh's Distillery.
  7724 | D:9      | Reached skill level 6 in Dodging
  7758 | D:9      | Bought a potion of flight for 48 gold pieces
  7758 | D:9      | Bought a potion of heal wounds for 80 gold pieces
  7758 | D:9      | Bought a potion of resistance for 160 gold pieces
  7758 | D:9      | Bought a potion of mutation for 128 gold pieces
  7758 | D:9      | Bought a potion of curing for 48 gold pieces
  7764 | D:9      | Learned a level 3 spell: Regeneration
  7804 | D:9      | Found a staircase to the Orcish Mines.
  7817 | D:9      | Found Xamiagh's Armour Shoppe.
  7868 | D:9      | Found a glowing golden altar of the Shining One.
  7995 | D:9      | Reached XP level 11. HP: 68/69 MP: 11/11
  8117 | D:9      | Found a basalt altar of Yredelemnul.
  8174 | D:9      | Found Imynoera's Jewellery Emporium.
  8177 | D:9      | Bought a cursed amulet of inaccuracy for 22 gold pieces
  8193 | D:9      | Found a roughly hewn altar of Beogh.
  8337 | D:10     | Entered Level 10 of the Dungeon
  8390 | D:10     | Reached skill level 9 in Armour
  8467 | D:10     | Reached skill level 9 in Fighting
  8576 | D:10     | Killed an unseen horror
  8576 | D:10     | Reached skill level 11 in Maces & Flails
  9066 | D:11     | Noticed a four-headed hydra
  9094 | D:11     | Killed a four-headed hydra
  9273 | D:11     | Killed an unseen horror
  9428 | D:11     | Reached *** piety under Sif Muna
  9497 | D:11     | Noticed a cyclops
  9506 | D:11     | Noticed a brown ugly thing
  9516 | D:11     | Paralysed by a floating eye for 2 turns
  9525 | D:11     | Paralysed by a floating eye for 2 turns
  9534 | D:11     | Killed a cyclops
  9540 | D:11     | Paralysed by a floating eye for 3 turns
  9659 | D:11     | Noticed a cyan ugly thing
  9659 | D:11     | Noticed a cyclops
  9696 | D:11     | Killed a cyan ugly thing
  9781 | D:11     | Killed a cyclops
 10015 | D:11     | Reached skill level 7 in Dodging
 10046 | D:11     | Got a steaming platinum amulet
 10055 | D:11     | Identified the amulet of Vuzooko {Inacc rF- rC- Int+7} (You found it on level 11 of the Dungeon)
 10101 | D:11     | Noticed a two-headed ogre
 10139 | D:11     | Killed a two-headed ogre
 10139 | D:11     | Reached skill level 12 in Maces & Flails
 10139 | D:11     | Reached XP level 12. HP: 76/77 MP: 12/12
 10526 | D:11     | Reached skill level 10 in Armour
 10538 | D:11     | Reached skill level 10 in Fighting
 10796 | Lair:1   | Entered Level 1 of the Lair of Beasts
 11373 | Lair:1   | Noticed a six-headed hydra
 11383 | Lair:1   | Killed a six-headed hydra
 11952 | Lair:2   | Reached skill level 13 in Maces & Flails
 11970 | Lair:2   | Found a staircase to the Swamp.
 12454 | Lair:3   | Found a staircase to the Snake Pit.
 12466 | Lair:3   | Reached skill level 8 in Dodging
 12631 | Lair:3   | Noticed Gastronok
 12648 | Lair:3   | Killed Gastronok
 12648 | Lair:3   | Reached skill level 11 in Fighting
 12648 | Lair:3   | Reached skill level 11 in Armour
 12648 | Lair:3   | Reached XP level 13. HP: 49/84 MP: 13/13
 13031 | Lair:3   | Reached **** piety under Sif Muna
 13431 | Lair:4   | Noticed Kirke
 13451 | Lair:4   | Killed Kirke
 13680 | Lair:4   | Found a dark tunnel.
 13686 | Volcano  | Entered a volcano
 13831 | Volcano  | Noticed a stone giant
 13841 | Volcano  | Killed a stone giant
 13896 | Volcano  | Reached skill level 14 in Maces & Flails
 14935 | Lair:5   | Reached skill level 1 in Evocations
 15692 | Lair:5   | Got a pair of pitted gloves
 15703 | Lair:5   | Identified the -3 pair of gloves "Bunam" {rC- MR++ Int+3} (You found it on level 5 of the Lair of Beasts)
 15901 | Lair:6   | Entered Level 6 of the Lair of Beasts
 16018 | Lair:6   | Reached skill level 2 in Evocations
 16155 | Lair:6   | Reached skill level 9 in Dodging
 16207 | Lair:6   | Reached skill level 12 in Armour
 16207 | Lair:6   | Gained mutation: Your large and strong wings let you fly indefinitely. [Gargoyle growth]
 16207 | Lair:6   | Reached XP level 14. HP: 78/91 MP: 15/15
 16342 | Lair:6   | Reached skill level 12 in Fighting
 16363 | Lair:6   | Found a staircase to the Slime Pits.
 16365 | Lair:6   | Found a viscous altar of Jiyva.
 16574 | Lair:6   | Reached skill level 3 in Evocations
 16648 | Lair:6   | Reached skill level 15 in Maces & Flails
 16964 | Lair:6   | Reached skill level 4 in Evocations
 17022 | Lair:6   | Got a faintly glowing chain mail
 17033 | Lair:6   | Identified the +0 chain mail of the Land of Plenty {rElec Str+4} (You found it on level 6 of the Lair of Beasts)
 17604 | D:12     | Found a frozen archway.
 17662 | IceCv    | Entered an ice cave
 17956 | IceCv    | Reached ***** piety under Sif Muna
 18310 | D:12     | Reached XP level 15. HP: 40/97 MP: 18/18
 18797 | D:12     | You are sucked into a shaft for 2 floors!
 18851 | D:14     | Killed from afar by a deep elf mage

Skill      XL: |  1  2  3  4  5  6  7  8  9 10 11 12 13 14 |
---------------+-------------------------------------------+-----
Maces & Flails | 3 4 5 7 9 10 12 13 14 15 | 15.8
Dodging        | 1 2 3 4 6 7 8 9 |  9.9
Armour         | 4 5 6 7 8 9 11 12 | 12.9
Fighting       | 4 5 6 7 8 9 11 12 | 12.8
Evocations     | 2 4 |  4.9
Shields        | |  3.2

Action                   |  1- 3 |  4- 6 |  7- 9 | 10-12 | 13-15 || total
-------------------------+-------+-------+-------+-------+-------++-------
Melee: Flail             |   135 |   222 |       |       |       ||   357
       Mace              |       |    55 |   434 |   782 |       ||  1271
       Eveningstar       |       |       |       |   337 |  1138 ||  1475
Throw: Tomahawk          |       |       |       |     6 |     9 ||    15
 Abil: Fly               |       |       |       |       |     1 ||     1
Evoke: Wand              |       |       |       |     4 |     2 ||     6
       Lightning rod     |       |       |       |       |     7 ||     7
  Use: Scroll            |       |       |       |    10 |     1 ||    11
       Potion            |       |       |       |     2 |     4 ||     6
 Stab: Petrified         |       |       |       |       |    12 ||    12
       Paralysed         |       |       |       |       |     2 ||     2
  Eat: Chunk             |     1 |     7 |    11 |    20 |    18 ||    57
       Ration            |       |       |       |     1 |     1 ||     2
Armor: Scale mail        |    79 |   174 |   135 |       |       ||   388
       Chain mail        |       |       |    99 |   150 |       ||   249
       Plate armour      |       |       |       |   686 |   660 ||  1346
       Skin              |       |       |       |       |    13 ||    13
Dodge: Dodged            |    55 |    99 |   135 |   419 |   344 ||  1052
Block: Shield            |    85 |   166 |   185 |   226 |   533 ||  1195
